Map: Old Sun Temple LE

Players

RipNHammer

  • Race: Terran Terran
  • League: Master
  • Spawn Location: 11:00

Hupsaiya - Winner!

  • Race: Protoss Protoss
  • League: Grandmaster
  • Spawn Location: 5:00

VOD

Have the link to the VOD?

Description

Time

  • Played on: Sept. 8, 2026, 6:48 p.m.
  • Length: 12:35
Show
View Real Time Build Order
Export as new Build Order

RipNHammer Terran 

Build Orders: Reaper Expand 

Get SALT Encoding   

  8  0:00  SCV  
  9  0:13  SCV  
  10  0:25  SCV  
  11  0:37  SCV  
  11  0:40  Supply Depot  
  12  0:49  SCV  
  13  0:55  Refinery  
  13  1:02  SCV  
  14  1:06  Barracks  
  14  1:14  SCV  
  15  1:26  SCV  
  16  1:41  SCV  
  17  1:54  Reaper, Orbital Command  
  18  2:17  Command Center  
  18  2:20  SCV  
  19  2:32  SCV  
  20  2:39  Supply Depot  
  21  2:46  Factory  
  21  2:48  SCV  
  21  2:50  Barracks Reactor  
  21  2:54  Refinery  
  21  3:00  SCV  
  22  3:13  SCV  
  23  3:26  SCV  
  24  3:27  Marine x2  
  24  3:33  Factory Tech Lab  
  24  3:34  Orbital Command  
  26  3:36  Starport  
  26  3:38  SCV  
  27  3:45  Marine x2  
  29  3:50  SCV, Supply Depot  
  30  3:58  Cyclone  
  33  4:03  SCV x2  
  33  4:08  Orbital Command  
  37  4:21  Starport Tech Lab  
  35  4:27  Barracks  
  35  4:30  SCV  
  36  4:38  Marine x2  
  36  4:40  Raven  
  36  4:41  Siege Tank  
  43  4:46  SCV x2  
  43  4:49  Supply Depot  
  45  4:58  Marine x2, SCV  
  45  4:59  Barracks  
  48  5:00  SCV  
  49  5:08  Supply Depot  
  49  5:10  SCV  
  49  5:11  Engineering Bay  
  49  5:12  SCV  
  51  5:15  Marine  
  51  5:16  Marine  
  51  5:19  Siege Tank  
  56  5:24  SCV  
  56  5:27  Stimpack  
  57  5:31  SCV  
  58  5:36  SCV  
  58  5:41  Marine x3  
  62  5:42  Medivac  
  62  5:43  SCV  
  62  5:46  Supply Depot  
  64  5:53  SCV  
  64  5:55  SCV  
  66  6:01  Barracks Reactor  
  66  6:08  Marine  
  66  6:11  Marine  
  67  6:12  Siege Tank  
  67  6:13  SCV  
  67  6:14  Supply Depot  
  67  6:32  Marine  
  67  6:33  Marine x2  
  67  6:35  SCV x2  
  67  6:36  Terran Infantry Weapons Level 1  
  67  6:39  Refinery  
  72  6:41  Supply Depot, Refinery  
  72  6:42  Supply Depot  
  72  6:47  SCV x2  
  72  6:48  Marine  
  72  6:51  Marauder  
  77  6:59  SCV x2  
  79  7:07  Combat Shield  
  79  7:10  Starport Reactor  
  79  7:11  Marine x4, SCV x2  
  79  7:12  Marine  
  86  7:23  SCV x2  
  86  7:24  Command Center  
  86  7:26  Barracks  
  86  7:29  Marine  
  89  7:34  Marine x3, Marauder  
  89  7:35  SCV  
  89  7:36  SCV  
  91  7:46  Marine  
  87  7:51  Marine  
  87  7:52  Marine  
  87  7:55  Marauder  
  91  8:01  Marine  
  91  8:04  Marine  
  90  8:07  SCV x2  
  92  8:14  Marine  
  92  8:17  Marauder  
  92  8:19  Marine, SCV  
  98  8:20  SCV  
  90  8:27  Widow Mine  
  90  8:31  SCV  
  90  8:32  SCV, Engineering Bay  
  88  8:38  Marauder  
  88  8:40  Marine  
  91  8:44  SCV x2  
  90  8:56  SCV x2  
  90  8:57  Marine  
  90  9:00  Marauder  
  90  9:02  Medivac  
  97  9:06  Terran Infantry Armor Level 1  
  97  9:07  Medivac  
  97  9:08  Widow Mine, SCV  
  97  9:09  Supply Depot, Armory, SCV  
  103  9:18  Concussive Shells  
  103  9:19  Barracks Tech Lab  
  103  9:20  SCV  
  103  9:21  Marauder  
  103  9:22  Ghost Academy  
  106  9:25  Barracks  
  106  9:26  Barracks Tech Lab  
  106  9:30  Marine  
  107  9:32  Orbital Command  
  107  9:33  Supply Depot x2  
  107  9:34  Widow Mine  
  107  9:37  Armory  
  109  9:42  Marine, Marauder x2  
  109  9:43  Medivac  
  116  9:49  Marine  
  116  9:50  Marauder, Medivac  
  116  9:52  SCV x2  
  123  9:57  Barracks  
  123  9:59  Marine  
  123  10:04  SCV, Orbital Command  
  122  10:12  SCV  
  123  10:23  Marine  
  123  10:24  Marine, Marauder  
  123  10:25  Widow Mine  
  129  10:28  Drilling Claws  
  129  10:29  SCV x3  
  132  10:41  SCV x2  
  134  10:52  Marine x2, Marauder  
  138  11:04  Marine, Marauder  
  136  11:12  Marine, Marauder  
  136  11:30  Marine x2, Ghost  
  136  11:31  Marauder  
  136  11:32  Widow Mine  
  136  11:33  Ghost  
  114  11:51  Marine x2  
  114  11:52  Marauder  
  114  11:53  Widow Mine  
  107  11:58  Marine, Medivac x2  
  107  12:00  Marauder  
  99  12:02  Marine  
  88  12:09  Marine x2  
  88  12:13  Marauder  
  94  12:15  Marine  
Show
View Real Time Build Order
Export as new Build Order

Hupsaiya Protoss - Winner!

Build Orders: Zealot Archon, Dark Templar Rush 

Get SALT Encoding   

  8  0:00  Probe (Chrono Boost)  
  9  0:12  Probe (Chrono Boost)  
  10  0:19  Probe (Chrono Boost)  
  11  0:27  Probe  
  12  0:34  Pylon  
  12  0:39  Probe  
  13  0:52  Probe  
  13  0:55  Gateway  
  15  1:04  Probe (Chrono Boost)  
  15  1:06  Assimilator  
  15  1:16  Probe (Chrono Boost)  
  16  1:23  Probe (Chrono Boost)  
  17  1:30  Probe  
  18  1:43  Cybernetics Core  
  18  1:46  Probe  
  19  2:00  Nexus  
  19  2:09  Pylon  
  19  2:14  Probe  
  20  2:24  Adept (Chrono Boost)  
  20  2:25  Assimilator  
  20  2:26  Warp Gate  
  22  2:31  Probe  
  23  2:43  Probe  
  24  2:49  Adept (Chrono Boost)  
  26  3:05  Probe  
  27  3:08  Twilight Council  
  28  3:12  Probe (Chrono Boost)  
  28  3:19  Stalker (Chrono Boost)  
  29  3:20  Probe (Chrono Boost)  
  29  3:25  Probe (Chrono Boost)  
  32  3:31  Probe (Chrono Boost)  
  32  3:32  Probe (Chrono Boost), Shield Battery  
  34  3:39  Probe  
  34  3:41  Probe  
  36  3:51  Probe  
  36  3:53  Probe  
  38  3:55  Robotics Facility  
  38  3:58  Dark Shrine  
  38  4:03  Probe  
  38  4:05  Probe  
  40  4:15  Probe (Chrono Boost)  
  41  4:17  Probe (Chrono Boost)  
  42  4:25  Assimilator  
  42  4:27  Pylon, Assimilator  
  42  4:30  Gateway  
  42  4:33  Gateway  
  42  4:39  Gateway  
  44  4:45  Probe x2  
  44  4:47  Warp Prism  
  46  4:57  Probe x2  
  48  5:02  Pylon  
  48  5:05  Stalker  
  50  5:17  Pylon  
  50  5:21  Probe x2  
  52  5:22  Stalker  
  54  5:33  Probe x2  
  56  5:41  Charge (Chrono Boost)  
  56  5:45  Probe x2  
  58  5:57  Probe x2  
  58  5:58  Pylon, Dark Templar x3  
  58  5:59  Pylon  
  66  6:08  Pylon  
  66  6:10  Templar Archives  
  66  6:16  Probe x2  
  66  6:25  Dark Templar  
  66  6:33  Probe  
  66  6:34  Zealot x3  
  66  6:39  Archon  
  73  6:40  Probe  
  73  6:43  Nexus  
  73  6:45  Probe  
  73  6:46  Pylon  
  75  6:47  Pylon  
  75  6:48  Observer (Chrono Boost)  
  75  6:52  Probe  
  77  6:57  Probe  
  78  7:03  Dark Templar  
  78  7:04  Dark Templar, Probe  
  83  7:11  Probe  
  83  7:12  Psionic Storm  
  83  7:14  Forge  
  84  7:16  Pylon, Probe  
  84  7:17  Archon  
  84  7:19  Zealot x3  
  84  7:20  Zealot  
  93  7:23  Probe  
  93  7:29  Probe  
  95  7:31  Pylon  
  95  7:33  High Templar  
  95  7:34  High Templar  
  95  7:36  Probe  
  100  7:41  Probe  
  96  7:45  Zealot x2  
  100  7:53  Zealot  
  100  7:54  Zealot  
  100  7:58  Zealot x2  
  108  8:06  Zealot  
  108  8:07  Probe, Zealot  
  108  8:12  Zealot x2, Observer  
  118  8:13  Forge  
  118  8:17  Probe  
  117  8:21  Protoss Ground Armor Level 1 (Chrono Boost)  
  117  8:23  Probe  
  116  8:28  Probe  
  116  8:29  Probe  
  118  8:35  Probe  
  118  8:36  Zealot  
  118  8:37  Stalker, Zealot  
  118  8:39  High Templar  
  127  8:43  Protoss Ground Weapons Level 1 (Chrono Boost)  
  127  8:45  Pylon  
  127  8:51  Probe x3  
  126  9:00  Pylon, Gateway  
  126  9:01  Gateway  
  126  9:02  High Templar x3  
  126  9:03  Probe x3  
  126  9:09  Photon Cannon  
  135  9:11  Photon Cannon  
  135  9:12  Shield Battery  
  135  9:18  Probe x3  
  135  9:19  Pylon  
  138  9:26  Robotics Bay  
  138  9:28  Zealot x2  
  138  9:30  Probe  
  138  9:31  Pylon  
  143  9:37  Zealot x2  
  147  9:41  Zealot  
  147  9:45  Probe  
  150  9:47  Gateway x2  
  150  9:48  Pylon  
  150  9:50  Gateway  
  150  9:51  Gateway  
  148  10:13  Colossus (Chrono Boost)  
  144  10:18  Extended Thermal Lance  
  144  10:20  Zealot  
  152  10:24  Assimilator, Nexus  
  152  10:25  Assimilator  
  152  10:26  Zealot x5, Pylon  
  162  10:34  Zealot  
  164  10:41  Stalker x2  
  166  10:44  Stalker x3  
  172  10:52  Stalker  
  174  10:57  Pylon  
  174  10:59  Pylon  
  174  11:15  Stalker x4  
  174  11:16  Colossus (Chrono Boost)  
  186  11:31  Stalker  
  186  11:32  Zealot x2, Stalker  
  190  11:35  Stalker  
  190  11:36  Zealot, Stalker  
  186  11:46  Zealot x7  
  178  12:01  Zealot x3  
  174  12:12  Probe  
  174  12:15  Probe x3  
  170  12:18  Photon Cannon  
  152  12:26  Archon  
Tags
 
Add a new tag
Caveats
  • Supply blocks, unpowered buildings, or Contaminate may cause inaccurate times.
  • Supply counts are checked every 10 seconds.